 Dungeon Crawl Stone Soup version 0.26-a0-579-g3afe4966bf (webtiles) character file.

Game seed: 10744231429967539195

215 ANON1729 the Sneak (level 5, 0/43 HPs)
             Began as a Demonspawn Delver on Aug 23, 2020.
             Slain by a gnoll
             ... wielding a cursed -2 spear
              (2 damage)
             ... on level 4 of the Dungeon.
             The game lasted 00:06:59 (3749 turns).

ANON1729 the Sneak (Demonspawn Delver)              Turns: 3749, Time: 00:07:00

Health: 0/43       AC:  6    Str: 12    XL:     5   Next: 60%
Magic:  0/5        EV: 13    Int: 12    God:
Gold:   224        SH:  0    Dex: 15    Spells: 4/4 levels left

rFire    + + .     SeeInvis .   a - +0 falchion
rCold    . . .     Faith    .   (no shield)
rNeg     . . .     Spirit   +   i - +2 robe {MR+}
rPois    .         Reflect  .   (no helmet)
rElec    .         Harm     .   (no cloak)
rCorr    .         Rnd*Tele +   (no gloves)
MR       +....                  (no boots)
Stlth    +++.......             (no amulet)
HPRegen  0.14/turn              s - ring of protection from fire
MPRegen  0.09/turn              v - ring of teleportation (curse)

@: no status effects
A: slimy green scales 1, fire resistance 1, magic shield
a: no special abilities


You were on level 4 of the Dungeon.
You visited 2 branches of the dungeon, and saw 6 of its levels.

You collected 224 gold pieces.

Inventory:

Hand Weapons
 a - a +0 falchion (weapon)
Armour
 i - a +2 robe of magic resistance (worn)
Jewellery
 s - a ring of protection from fire (left hand)
 v - a cursed ring of teleportation (right hand)
Wands
 g - a wand of digging (3)
 n - a wand of iceblast (5)
Scrolls
 c - a scroll of fog
 d - 4 scrolls of magic mapping
 e - a scroll of fear
 j - a scroll of amnesia
 k - 2 scrolls of teleportation
 m - a scroll of identify
 p - 2 scrolls of blinking
 q - 3 scrolls of immolation
Potions
 b - a potion of berserk rage {unknown}
 f - 3 potions of haste
 h - 2 potions of might
 l - 2 potions of cancellation
 o - a potion of mutation {unknown}
 r - a potion of resistance {unknown}
 t - 2 potions of flight {unknown}
 u - a potion of invisibility {unknown}
 w - a potion of degeneration {unknown}


   Skills:
 * Level 4.6 Fighting
 + Level 3.1 Long Blades
 + Level 3.0 Dodging
 - Level 4.9 Stealth


You had 4 spell levels left.
You didn't know any spells.
Your spell library was empty.

Dungeon Overview and Level Annotations

Branches:
Dungeon (5/15)             Temple (1/1) D:5

Altars:
Cheibriados
Elyvilon
Fedhas
Gozag
Kikubaaqudgha
Makhleb
Nemelex Xobeh
Okawaru
Qazlal
Ru
Sif Muna
Trog
Uskayaw
Wu Jian
Xom
Yredelemnul
Zin

Annotations:
D:4 1 runed translucent door, rasy's ghost, amateur MiHu
D:5 exclusion: centaur


Innate Abilities, Weirdness & Mutations

You are partially covered in slimy green scales. (AC +2)
Your flesh is heat resistant. (rF+)
When hurt, damage is shared between your health and your magic reserves.


Message History

You slash the leopard gecko!
You kill the leopard gecko!
The gnoll hits you from afar with a +0 spear!
The leopard gecko barely misses you. The gnoll barely misses you.
The gnoll closely misses you.
The orc wizard gestures at you while chanting.
The puff of frost hits you!
* * * LOW HITPOINT WARNING * * *
The gnoll barely misses you. The gnoll hits you but does no damage.
The leopard gecko bites you but does no damage.
The gnoll closely misses you. x2
The orc wizard points at you and mumbles some strange words.
The magic dart hits you!
* * * LOW HITPOINT WARNING * * *
The gnoll barely misses you.
There is a stone staircase leading up here.
The leopard gecko barely misses you.
You riposte.
You closely miss the leopard gecko.
The gnoll hits you from afar with a cursed -2 spear.
You die...

###### #....######.
..###.#........$
................
###....## ..........#
..........#########
......###......$@.##
#.#.#. ###.....l..##
.l#.#. #.>....gg..#
..).## #......o...#
.. ...# #.....$....#
#.###.......<..#
#>.............#
...g####...........##
....................#


You could see an orc wizard, 2 gnolls and a leopard gecko.

Vanquished Creatures
  An iguana (D:4)
  A worker ant (D:4)
  2 gnolls (D:4)
  4 adders
  2 oozes
  2 worms
  A dart slug (D:1)
  4 leopard geckos
  9 orcs
  3 giant cockroaches
  7 hobgoblins
  12 jackals
  A quokka (D:2)
  A ball python (D:1)
  8 bats
  7 frilled lizards
  6 goblins
  3 kobolds (D:1)
  6 rats
80 creatures vanquished.

Notes
Turn   | Place    | Note
-------+----------+-------------------------------------------
     0 | D:5      | ANON1729 the Demonspawn Delver began the quest for the Orb.
     0 | D:5      | Reached XP level 1. HP: 18/18 MP: 1/1
     2 | D:5      | Noticed a centaur
    13 | D:5      | Noticed a jelly
    26 | D:5      | Found a staircase to the Ecumenical Temple.
    35 | Temple   | Entered the Ecumenical Temple
   243 | D:5      | Noticed a jelly
   276 | D:4      | Noticed an iguana
   353 | D:3      | Gained mutation: You are partially covered in slimy green
                  | scales. (AC +2) [demonic ancestry]
   353 | D:3      | Reached XP level 2. HP: 24/24 MP: 2/2
   463 | D:2      | Reached XP level 3. HP: 19/29 MP: 3/3
   504 | D:2      | Found a glowing silver altar of Zin.
   505 | D:2      | Found an opulent altar of Gozag.
  1322 | D:1      | Gained mutation: Your flesh is heat resistant. (rF+)
                  | [demonic ancestry]
  1322 | D:1      | Reached XP level 4. HP: 29/35 MP: 4/4
  2122 | D:3      | Found a sparkling altar of Nemelex Xobeh.
  2295 | D:3      | Found a blossoming altar of Fedhas.
  3142 | D:4      | Found a runed translucent door.
  3142 | D:4      | Noticed a bullfrog
  3146 | D:4      | Noticed rasy's ghost (amateur MiHu)
  3158 | D:4      | Gained mutation: When hurt, damage is shared between your
                  | health and your magic reserves. [demonic ancestry]
  3158 | D:4      | Reached XP level 5. HP: 42/42 MP: 5/5
  3219 | D:4      | HP: 2/43 [poisoned by a worker ant]
  3507 | D:4      | Found a shimmering altar of Xom.
  3507 | D:4      | Found a shimmering altar of Xom.
  3507 | D:4      | Found a shimmering altar of Xom.
  3747 | D:4      | HP: 1/43 [orc wizard/magic dart (8)]
  3749 | D:4      | Slain by a gnoll

Illustrated notes

Levels and vault maps discovered:
D:1:      dpeg_arrival_line_fractal, layout_basic, minmay_misc_feat_columns,
          chequers_serial_rivers_micro_e
D:2:      layout_basic, grunt_temple_overflow_gold_and_silver
D:3:      layout_basic, nemelex_xobeh_ov_fountains_minmay,
          overflow_temple_1_default
D:4:      layout_rooms, lemuel_crystal_altar, xom_redecorated,
          ebering_ghost_sewer_d
D:5:      layout_cave_pools, vehumet_crystals, minmay_temple_entry_waves,
          uniq_eustachio, uniq_blork_the_orc
Temple:   minmay_temple_bridge_abc

Skill      XL: |  1  2  3  4  5 |
---------------+----------------+-----
Long Blades    | 2 3 |  3.1
Dodging        | 2 3 |  3.0
Fighting       | 4 |  4.6
Stealth        | |  4.9

Action                   |  1- 3 |  4- 6 || total
-------------------------+-------+-------++-------
Melee: Falchion          |    86 |   186 ||   272
Evoke: Wand              |       |     4 ||     4
  Use: Scroll            |       |     5 ||     5
 Stab: Sleeping          |    10 |     9 ||    19
Armor: Robe              |    31 |    64 ||    95
       Leather armour    |     2 |       ||     2
Dodge: Dodged            |    65 |   160 ||   225
       Rpst.: Falchion   |    27 |    54 ||    81

Table legend: (Time is in decaauts)
 A = Elapsed time spent in this place.
 B = Non-inter-level travel time spent in this place.
 C = Inter-level travel time spent in this place.
 D = Time resting spent in this place.
 E = Time spent auto-exploring this place.
 F = Levels seen in this place.
 G = Mean time per level.
                   A        B        C        D        E       F      G
               +--------+--------+--------+--------+--------+-----+--------+
         Total |   3797 |   3649 |    148 |    854 |   2035 |   6 |  632.8 |
       Dungeon |   3597 |   3466 |    131 |    854 |   1864 |   5 |  719.4 |
        Temple |    199 |    182 |     17 |      0 |    171 |   1 |  199.0 |
               +--------+--------+--------+--------+--------+-----+--------+

Top non-repeatable levels by time:
     D:1: 1107 daAuts
     D:3: 1038 daAuts
     D:4: 764 daAuts
     D:2: 612 daAuts
  Temple: 199 daAuts
     D:5: 74 daAuts
